Map: Frost LE

Players

LiquidTLO (TLO) - Winner!

  • Race: Zerg Zerg
  • League: Grandmaster

IlIlIlIlIlIl

  • Race: Zerg Zerg
  • League: Master

VOD

Have the link to the VOD?

Description

Time

  • Played on: July 6, 2016, 11:50 a.m.
  • Length: 4:33
Show
View Real Time Build Order
Export as new Build Order

LiquidTLO Zerg - Winner!

Build Orders: Hatch First 

Get SALT Encoding   

  12  0:00  Drone  
  13  0:13  Overlord  
  13  0:17  Drone  
  14  0:33  Drone x2  
  14  0:35  Drone  
  17  0:53  Hatchery  
  17  0:57  Drone  
  17  0:58  Drone  
  17  1:00  Extractor  
  17  1:14  Spawning Pool  
  17  1:17  Drone  
  17  1:21  Drone  
  18  1:30  Drone  
  19  1:39  Drone  
  20  1:50  Overlord  
  20  2:02  Queen  
  20  2:05  Metabolic Boost, Queen  
  24  2:08  Drone  
  24  2:10  Drone  
  24  2:13  Drone  
  27  2:19  Drone  
  28  2:25  Drone  
  28  2:26  Drone  
  30  2:31  Evolution Chamber  
  30  2:33  Drone  
  30  2:39  Drone  
  31  2:46  Drone  
  31  2:50  Baneling Nest  
  30  2:54  Overlord  
  30  2:55  Zergling x2  
  31  2:58  Zergling x2  
  32  3:06  Zergling x2  
  32  3:09  Overlord  
  33  3:13  Zergling x4  
  33  3:14  Zergling x2  
  33  3:16  Zergling x2  
  33  3:17  Zergling x2  
  38  3:20  Zergling x2  
  38  3:26  Zergling x4  
  41  3:29  Zergling x2  
  42  3:37  Zergling x2  
  42  3:39  Zergling x2  
  44  3:44  Zergling x4  
  44  3:45  Baneling x2  
  46  3:50  Zergling x2  
  46  3:52  Zergling x4  
  46  3:53  Overlord, Drone  
  46  3:54  Drone  
  51  4:02  Zergling x2  
  51  4:04  Zergling x2  
  49  4:13  Zergling x4  
  49  4:14  Drone  
  49  4:16  Drone  
Show
View Real Time Build Order
Export as new Build Order

IlIlIlIlIlIl Zerg 

Build Orders: Hatch First 

Get SALT Encoding   

  12  0:01  Drone  
  13  0:13  Overlord  
  13  0:18  Drone  
  14  0:33  Drone x2  
  16  0:36  Drone  
  17  0:52  Hatchery  
  17  0:56  Drone  
  17  1:00  Drone  
  18  1:12  Extractor  
  18  1:15  Spawning Pool  
  18  1:18  Drone  
  17  1:20  Drone  
  18  1:29  Drone  
  19  1:40  Overlord  
  19  1:59  Drone  
  20  2:01  Queen  
  20  2:02  Drone  
  20  2:04  Queen  
  20  2:06  Drone  
  26  2:16  Drone x2  
  28  2:25  Drone  
  28  2:28  Drone  
  30  2:37  Drone x2  
  30  2:39  Lair  
  32  2:51  Extractor  
  32  2:53  Evolution Chamber  
  32  2:54  Overlord  
  32  2:55  Drone x2  
  32  2:56  Roach Warren  
  31  3:00  Drone  
  32  3:08  Drone  
  32  3:12  Drone x3  
  36  3:20  Drone x2  
  36  3:23  Overlord  
  38  3:30  Queen  
  40  3:36  Drone x2  
  42  3:44  Queen  
  42  3:46  Overseer  
  44  3:51  Drone x3  
  44  3:53  Overlord  
  44  3:54  Extractor  
  46  3:59  Roach  
  46  4:04  Roach x2  
Tags
 
Add a new tag
Caveats
  • Supply blocks, unpowered buildings, or Contaminate may cause inaccurate times.
  • Supply counts are checked every 10 seconds.